 Dungeon Crawl Stone Soup version 0.17-a0-1397-g0eee0a3 (webtiles) character file.

2 ololoev the Vexing (level 1, 0/15 HPs)
             Began as a Mummy Arcane Marksman on June 17, 2015.
             Slain by a bat (1 damage)
             ... on level 1 of the Dungeon.
             The game lasted 00:00:13 (22 turns).

ololoev the Vexing (Mummy Arcane Marksman)            Turns: 22, Time: 00:00:13

Health: 0/15       AC:  2    Str: 14    XL:     1   Next: 25%
Magic:  2/2        EV: 12    Int: 12    God:
Gold:   0          SH:  0    Dex: 11    Spells: 1 memorised, 1 level left

rFire  x . .     SeeInvis .     (no weapon)
rCold  + . .     Clarity  .     c - +0 robe
rNeg   + + +     SustAt   .     (no shield)
rPois  ∞         Gourm    .     (no helmet)
rElec  .         Spirit   .     (no cloak)
rCorr  .         Warding  .     (no gloves)
rMut   .         Stasis   .     (no boots)
MR     .....                    (no amulet)
Stlth  +.........               (no ring)
                                (no ring)

@: not resistant to hostile enchantments, very unstealthy
A: no food or potions, fire vulnerability, cold resistance 1, negative energy
resistance 3, torment resistance, unbreathing
a: no special abilities


Innate Abilities, Weirdness & Mutations

You do not eat or drink.
Your flesh is vulnerable to fire.
You are immune to poison.
Your flesh is cold resistant.
You are immune to negative energy.
You are immune to unholy pain and torment.
You can survive without breathing.

Inventory:

Missiles
 a - 3 javelins (quivered)
 b - 2 throwing nets
Armour
 c - a +0 robe (worn)
Books
 d - a book of Debilitation

   Spells                             Type                      Level
   a - Corona                         Hexes                        1
   b - Slow                           Hexes                        2
   c - Gell's Gravitas                Hexes/Translocation          3
   d - Inner Flame                    Hexes/Fire                   3
   e - Cause Fear                     Hexes                        4
   f - Leda's Liquefaction            Hexes/Earth                  4


   Skills:
 - Level 1.0 Fighting
 + Level 1.7 Throwing
 - Level 1.5 Dodging
 - Level 1.0 Spellcasting
 - Level 2.6 Hexes


You had one spell level left.
You knew the following spells:

 Your Spells              Type           Power        Failure   Level  Hunger
a - Corona                Hex            #......      12%         1    N/A


You were on level 1 of the Dungeon.
You were not hungry.

You visited 1 branch of the dungeon, and saw 1 of its levels.

#########
......b(#
#@# #.#
##+###†##
#...#...#
#(>.#[..#
#...#...#
#$>.#.<.#
#...#...#
#.>.#...#

Notes
Turn   | Place    | Note
--------------------------------------------------------------
     0 | D:1      | ololoev the Mummy Arcane Marksman began the quest for the Orb.
     0 | D:1      | Reached XP level 1. HP: 15/15 MP: 2/2
    22 | D:1      | Slain by a bat

Dungeon Overview and Level Annotations

Branches:
Dungeon (1/15)

Altars:


Message History

Press: ? - help, Shift-Dir - straight line, f/p - giant gecko
Aim: a giant gecko (clinging)
You throw a javelin. The javelin misses the giant gecko.
The giant gecko barely misses you.
You closely miss the giant gecko. The giant gecko bites you.
You barely miss the giant gecko. The giant gecko misses you.
You barely miss the giant gecko. The giant gecko closely misses you.
You miss the giant gecko. The giant gecko closely misses you.
You hit the giant gecko but do no damage.
The giant gecko closely misses you.
The giant gecko bites you but does no damage.
You barely miss the giant gecko. The giant gecko barely misses you.
You closely miss the giant gecko. The giant gecko barely misses you.
You closely miss the giant gecko. The giant gecko closely misses you.
You closely miss the giant gecko. The giant gecko bites you.
You barely miss the giant gecko. The giant gecko bites you.
The giant gecko closely misses you.
You are too injured to fight recklessly!
You are too injured to fight recklessly!
You are too injured to fight recklessly!
You are too injured to fight recklessly!
You are too injured to fight recklessly!
You are too injured to fight recklessly!
You are too injured to fight recklessly!
You hit the giant gecko.
The giant gecko is heavily wounded.
The giant gecko bites you but does no damage.
You hit the giant gecko.
The giant gecko is almost dead.
The giant gecko bites you.
A bat comes into view.
You hit the giant gecko.
You kill the giant gecko!
The bat closely misses you. The bat barely misses you.
There is an open door here.
You see here a giant gecko corpse.
You miss the bat. The bat hits you. The bat hits you but does no damage.
The bat hits you. x2
You die...

You could see a bat.

Vanquished Creatures
  A giant gecko (D:1)
1 creature vanquished.

Action                   || total
-------------------------++-------
Melee: Unarmed           ||    14
Throw: Javelin           ||     2

Vault maps used:
D:1:      minmay_arrival_up_and_down
